 Dungeon Crawl Stone Soup version 0.31-a0-700-gf13585253f (webtiles) character file.

Game seed: 8153597820264548661

19507 qw the Marksgargoyle (level 12, -2/77 HPs)
             Began as a Gargoyle Hunter on Sept 7, 2023.
             Was a High Priest of Okawaru.
             Slain by a death yak (14 damage)
             ... on level 5 of the Lair of Beasts.
             The game lasted 00:05:21 (11069 turns).

qw the Marksgargoyle (Gargoyle Hunter)             Turns: 11069, Time: 00:05:21

Health: -2/77      AC: 25    Str: 16    XL:     12   Next: 69%
Magic:  13/18      EV: 18    Int: 13    God:    Okawaru [*****.]
Gold:   832        SH:  0    Dex: 17    Spells: 11/11 levels left

rFire   + . .        d - +2 orcbow (heavy)
rCold   . . .        (shield currently unavailable)
rNeg    + . .        q - +2 robe of Piyggomn {Drain rPois Int+3}
rPois   inf          k - +0 helmet
rElec   +            (no cloak)
rCorr   .            a - +2 pair of gloves
SInv    .            l - +1 pair of boots
Will    .....        i - amulet of regeneration
Stlth   +++          e - ring of protection from fire
HPRegen 1.12/turn    f - +4 ring of protection
MPRegen 0.16/turn

%: no passive effects
@: about to teleport, heroic, finesse-ful
A: sickness immunity, AC +8, negative energy resistance 1, electricity
resistance, torment resistance 1, petrification resistance, iridescent scales 1,
deformed body
a: Renounce Religion, Heroism, Finesse, Duel


You were on level 5 of the Lair of Beasts.
You worshipped Okawaru.
Okawaru was extremely pleased with you.
You visited 3 branches of the dungeon, and saw 15 of its levels.

You collected 832 gold pieces.


Innate Abilities, Weirdness & Mutations

You are immune to sickness and miasma.
Your stone body is resilient. (AC +8)
You are immune to poison.
You resist negative energy. (rN+)
You are resistant to electric shocks. (rElec)
You are resistant to unholy torment.
You are immune to petrification.
You are partially covered in iridescent scales. (AC +2)
Armour fits poorly on your strangely shaped body.


   Skills:
 - Level 10.1(15.1) Fighting
 + Level 15.4(20.4) Ranged Weapons
 - Level 4.1(9.1) Armour
 - Level 5.1(10.1) Dodging
 - Level 1.1(6.1) Stealth
 + Level 9.2 Invocations


You had 11 spell levels left.
You didn't know any spells.
Your spell library was empty.

Inventory:

Hand Weapons
 d - a +2 heavy orcbow (weapon)
Armour
 a - a +2 pair of gloves (worn)
 k - a +0 helmet (worn)
 l - a +1 pair of boots (worn)
 o - a +0 robe of fire resistance
 q - the +2 robe of Piyggomn (worn) {Drain rPois Int+3}
   (You found it on level 8 of the Dungeon)

   Int+3:     It affects your intelligence (+3).
   rPois:     It protects you from poison Drain: It drains your maximum health
   when unequipped.
Jewellery
 e - a ring of protection from fire (left hand)
 f - a +4 ring of protection (right hand)
 i - an amulet of regeneration (around neck)
 v - a +6 ring of strength
Wands
 t - a wand of digging (6)
Scrolls
 b - a scroll of identify
 p - a scroll of brand weapon
 r - a scroll of teleportation
Potions
 g - a potion of heal wounds
 h - 2 potions of resistance
 j - 2 potions of haste
 n - a potion of mutation
 s - a potion of lignification {unknown}
 u - a potion of might {unknown}
 w - a potion of curing

Dungeon Overview and Level Annotations

Branches:
Dungeon (9/15)             Temple (1/1) D:5            Lair (5/5) D:9
 Shoals (0/4) Lair:2       Spider (0/4) Lair:2        Slime (0/5) Lair:5
    Orc: D:9-12

Altars:
Ashenzari
Cheibriados
Dithmenos
Elyvilon
Fedhas
Gozag
Hepliaklqana
Kikubaaqudgha
Makhleb
Nemelex Xobeh
Okawaru
Qazlal
Ru
Sif Muna
Uskayaw
Vehumet
Wu Jian
Xom
Yredelemnul
Zin
The Shining One

Shops:
D:1 *

Annotations:
D:3 1 runed translucent door, exclusion: moth of wrath, Crazy Yiuf
Lair:2 1 runed translucent door, qw's ghost, journeyman GrHu
Lair:4 3 runed translucent doors, qw's ghost, journeyman GrHs


Message History

Found 33 stones.
Found a staircase to the Slime Pits.
The yak bellows!
The death yak bellows! x2; The yak bellows! x2
A death yak comes into view.
The yak misses you.
A death yak comes into view. x2
The death yak moves out of view.
The water moccasin hisses angrily.
The death yak bellows!
You hear a roar!
You hear an angry hiss.
11062 |||
Found retreat position at 0,-3 (floor) with 0 blocking monsters and 3 monsters attacking at destination at distance 3
11062 ||| Stepping ~*~*~tactically~*~*~ (retreating).
You hear a bellow!
The yak gores you but does no damage.
11063 |||
Found retreat position at 0,-2 (floor) with 0 blocking monsters and 3 monsters attacking at destination at distance 2
11063 ||| Stepping ~*~*~tactically~*~*~ (retreating).
The yak closely misses you. The yak gores you!
11064 |||
Found retreat position at 0,-1 (floor) with 0 blocking monsters and 3 monsters attacking at destination at distance 1
11064 ||| Stepping ~*~*~tactically~*~*~ (retreating).
The yak gores you but does no damage.
A wyvern comes into view.
11065 ||| INVOKING Finesse.
You fail to use your ability.
The yak barely misses you. The yak gores you but does no damage.
11066 ||| INVOKING Finesse.
You can now deal lightning-fast blows.
The wyvern hisses angrily.
A death yak comes into view.
The yak gores you but does no damage.
You shoot an arrow. The arrow hits the death yak!
The death yak is moderately wounded.
You hear a bellow!
The yak gores you but does no damage. x2
You hear an angry hiss.
You shoot an arrow. The arrow hits the death yak!!!
The death yak is almost dead.
You hear a bellow!
The death yak gores you!
11069 ||| READING 2 scrolls of teleportation.
As you read the scroll of teleportation, it crumbles to dust.
You feel strangely unstable. The yak misses you. The death yak gores you!
You die...

.. ... ##...
#.....
###......
#@Yl....#
#YY......
#SY...(..
#Y...P(..
......YY..(((..
......Y.(...^..
...............
......Y......P.
.........#.##P.


You could see 5 death yaks, 4 yaks, a water moccasin and a wyvern.

Vanquished Creatures
  A two-headed ogre (D:9)
  A boulder beetle (Lair:3)
  2 skysharks
  A salamander (Lair:4)
  A merfolk siren (Lair:2)
  A black mamba (Lair:5)
  Psyche (D:8)
  8 cane toads
  3 kobold demonologists (D:9)
  4 komodo dragons
  A troll (D:9)
  A wyvern (Lair:2)
  34 yaks
  2 basilisks
  A steam dragon (D:8)
  3 wargs (D:9)
  Menkaure (D:4)
  12 water moccasins
  2 sky beasts
  A black bear (D:4)
  2 orc warriors (D:9)
  An ice beast (D:6)
  8 wolves
  A phantom (D:5)
  4 centaurs
  Blork the orc (D:6)
  3 kobold brigands (D:9)
  10 bullfrogs
  2 scorpions
  4 killer bees (D:6)
  3 howler monkeys (D:9)
  2 electric eels (Lair:4)
  6 hounds
  4 jellies
  9 orc priests
  Natasha (twice) (D:2 D:1)
  6 iguanas
  19 orc wizards
  2 sleepcaps
  7 gnolls
  10 adders
  A shadow imp (D:6)
  3 worms
  A dart slug (D:4)
  41 orcs
  3 ball pythons
  8 endoplasms
  3 giant cockroaches
  8 goblins
  4 hobgoblins
  4 jackals (D:4)
  A quokka (D:3)
  7 bats
  4 frilled lizards
  7 kobolds
  5 rats
287 creatures vanquished.

Notes
Turn   | Place    | Note
-------+----------+-------------------------------------------
     0 | D:1      | qw the Gargoyle Hunter began the quest for the Orb.
     0 | D:1      | Reached XP level 1. HP: 12/12 MP: 1/1
     0 | D:1      | 0 ||| qw: Version: 0.3-a-76-g4403597
     0 | D:1      | 0 ||| qw: Game counter: 546
     0 | D:1      | 0 ||| qw: Melee chars always use a shield: true
     0 | D:1      | 0 ||| qw: God list: Okawaru
     0 | D:1      | 0 ||| qw: Allow faded altars: false
     0 | D:1      | 0 ||| qw: Do Orc after clearing Dungeon:15 true
     0 | D:1      | 0 ||| qw: Do second Lair branch before Depths: true
     0 | D:1      | 0 ||| qw: Lair rune preference: random
     0 | D:1      | 0 ||| qw: Goals: Normal
     0 | D:1      | 0 ||| PLANNING D:1-11
   171 | D:1      | Found Huoheral's General Store.
   174 | D:1      | 174 ||| SHOPLISTING +0 ring mail (48 gold, have 5).
   174 | D:1      | 174 ||| SHOPLISTING 2 potions of cancellation (192 gold,
                  | have 5).
   174 | D:1      | 174 ||| SHOPLISTING scroll of identify (24 gold, have 5).
   202 | D:1      | Found a faded altar of an unknown god.
   449 | D:1      | Reached XP level 2. HP: 17/17 MP: 2/2
  1113 | D:1      | 1113 ||| UPGRADING to ring of protection from fire.
  1114 | D:1      | 1114 ||| READING scroll labelled FEAVVI NOCEU.
  1115 | D:1      | 1115 ||| READING scroll labelled QIORANE QEQOCK.
  1116 | D:1      | 1116 ||| READING scroll labelled ITHISSYMIO.
  1117 | D:1      | 1117 ||| DROPPING scroll of butterflies.
  1143 | D:2      | Noticed Natasha
  1149 | D:2      | Killed Natasha
  1149 | D:2      | Noticed Natasha
  1150 | D:2      | Reached skill level 5 in Ranged Weapons
  1150 | D:2      | Reached XP level 3. HP: 18/21 MP: 3/3
  1150 | D:2      | 1150 ||| STAIRDANCE
  1167 | D:2      | 1167 ||| STAIRDANCE
  1173 | D:1      | Killed Natasha
  1174 | D:1      | Reached skill level 3 in Fighting
  1174 | D:1      | Reached XP level 4. HP: 15/28 MP: 4/4
  1478 | D:2      | Reached XP level 5. HP: 32/32 MP: 5/5
  1487 | D:2      | Reached skill level 6 in Ranged Weapons
  1614 | D:2      | Found a shimmering altar of Xom.
  1672 | D:2      | 1672 ||| DROPPING ring of flight.
  1673 | D:2      | 1673 ||| READING scroll labelled VUUGIEL GISUH.
  1674 | D:2      | 1674 ||| READING scroll labelled FIFONK ET INN.
  1675 | D:2      | 1675 ||| READING 2 scrolls of identify.
  1675 | D:2      | 1675 ||| IDENTIFYING purple potion
  2057 | D:3      | Found a sparkling altar of Nemelex Xobeh.
  2175 | D:3      | Noticed a moth of wrath
  2176 | D:3      | 2176 ||| UPGRADING to +4 ring of protection.
  2177 | D:3      | 2177 ||| READING scroll labelled YRPHOA ENNEALU.
  2178 | D:3      | 2178 ||| FLEEEEING.
  2252 | D:3      | Found a runed translucent door.
  2253 | D:3      | Noticed Crazy Yiuf
  2369 | D:3      | 2369 ||| UPGRADING to +0 ring mail.
  2379 | D:3      | 2379 ||| DROPPING +0 leather armour.
  2380 | D:3      | 2380 ||| READING scroll labelled ALINISH UFEG.
  2381 | D:3      | 2381 ||| READING 2 scrolls labelled LEANTA WANWIEM.
  2504 | D:3      | 2504 ||| READING 2 scrolls of identify.
  2504 | D:3      | 2504 ||| IDENTIFYING sapphire potion
  2537 | D:4      | Noticed a black bear
  2549 | D:4      | Killed a black bear
  2550 | D:4      | Reached XP level 6. HP: 36/37 MP: 6/6
  2582 | D:4      | 2582 ||| Stepping ~*~*~tactically~*~*~ (outnumbered).
  2639 | D:4      | 2639 ||| Stepping ~*~*~tactically~*~*~ (outnumbered).
  2656 | D:4      | HP: 7/38 [orc priest/nerve-wracking pain (5)]
  2657 | D:4      | 2657 ||| DRINKING potion of heal wounds.
  2663 | D:4      | Reached XP level 7. HP: 25/43 MP: 7/7
  2753 | D:4      | Reached skill level 7 in Ranged Weapons
  2763 | D:4      | Noticed Menkaure
  2772 | D:4      | HP: 8/43 [Menkaure (15)]
  2774 | D:4      | Killed Menkaure
  2948 | D:4      | 2948 ||| DRINKING potion of curing.
  2948 | D:4      | 2948 ||| (to cure confusion)
  3078 | D:4      | 3078 ||| Stepping ~*~*~tactically~*~*~ (outnumbered).
  3080 | D:4      | 3080 ||| Stepping ~*~*~tactically~*~*~ (outnumbered).
  3212 | D:4      | Found a blossoming altar of Fedhas.
  3239 | D:4      | Found a snail-covered altar of Cheibriados.
  3246 | D:4      | Reached skill level 8 in Ranged Weapons
  3382 | D:4      | 3382 ||| UPGRADING to +0 pair of gloves.
  3387 | D:4      | 3387 ||| UPGRADING to +0 pair of boots.
  3392 | D:4      | 3392 ||| READING scroll of enchant armour.
  3392 | D:4      | 3392 ||| ENCHANTING +0 pair of gloves.
  3393 | D:4      | 3393 ||| DRINKING 2 fuming purple potions.
  3414 | D:5      | Entered Level 5 of the Dungeon
  3419 | D:5      | 3419 ||| STAIRDANCE
  3424 | D:5      | 3424 ||| STAIRDANCE
  3477 | D:5      | Reached XP level 8. HP: 36/49 MP: 8/8
  3790 | D:5      | 3790 ||| FLEEEEING.
  3791 | D:5      | 3791 ||| FLEEEEING.
  3792 | D:5      | 3792 ||| FLEEEEING.
  3800 | D:5      | 3800 ||| STAIRDANCE
  3829 | D:4      | 3829 ||| UPGRADING to +0 helmet.
  3834 | D:4      | 3834 ||| READING 2 scrolls of identify.
  3834 | D:4      | 3834 ||| IDENTIFYING green potion
  3835 | D:4      | 3835 ||| DROPPING potion of berserk rage.
  3891 | D:5      | HP: 8/49 [iguana (7)]
  3892 | D:5      | 3892 ||| READING scroll of teleportation.
  4052 | D:5      | Found a staircase to the Ecumenical Temple.
  4053 | D:5      | 4053 ||| PLANNING TEMPLE
  4060 | D:5      | Reached skill level 9 in Ranged Weapons
  4065 | D:5      | Reached skill level 3 in Armour
  4079 | D:5      | 4079 ||| READING scroll labelled IMINEDIACW.
  4088 | Temple   | Entered the Ecumenical Temple
  4089 | Temple   | 4089 ||| PLANNING D:1-11
  4317 | D:6      | 4317 ||| STAIRDANCE
  4399 | D:6      | 4399 ||| RETREATING.
  4423 | D:6      | Reached skill level 6 in Fighting
  4432 | D:6      | 4432 ||| FLEEEEING.
  4433 | D:6      | 4433 ||| FLEEEEING.
  4434 | D:6      | 4434 ||| FLEEEEING.
  4435 | D:6      | 4435 ||| FLEEEEING.
  4436 | D:6      | 4436 ||| FLEEEEING.
  4437 | D:6      | 4437 ||| FLEEEEING.
  4438 | D:6      | 4438 ||| FLEEEEING.
  4439 | D:6      | 4439 ||| FLEEEEING.
  4440 | D:6      | 4440 ||| FLEEEEING.
  4441 | D:6      | 4441 ||| FLEEEEING.
  4442 | D:6      | 4442 ||| FLEEEEING.
  4443 | D:6      | 4443 ||| FLEEEEING.
  4617 | D:6      | Reached skill level 10 in Ranged Weapons
  4617 | D:6      | Reached XP level 9. HP: 50/55 MP: 9/9
  4678 | D:6      | Found an ornate altar of the Wu Jian Council.
  4744 | D:6      | Noticed Blork the orc
  4758 | D:6      | Killed Blork the orc
  4988 | D:6      | Found a burning altar of Makhleb.
  5220 | D:6      | 5220 ||| READING scroll labelled BUWEGO LEFUFFA.
  5222 | D:6      | 5222 ||| DRINKING 2 brown potions.
  5261 | D:6      | 5261 ||| READING 3 scrolls of identify.
  5261 | D:6      | 5261 ||| IDENTIFYING grey potion
  5262 | D:6      | 5262 ||| READING 2 scrolls of identify.
  5262 | D:6      | 5262 ||| IDENTIFYING metallic dark potion
  5263 | D:6      | 5263 ||| DROPPING potion of invisibility.
  5264 | D:6      | 5264 ||| DROPPING potion of degeneration.
  5307 | D:7      | 5307 ||| STAIRDANCE
  5327 | D:7      | 5327 ||| STAIRDANCE
  5380 | D:7      | 5380 ||| SWAPPING to +0 orcbow.
  5386 | D:7      | 5386 ||| DROPPING +0 shortbow of draining.
  5665 | D:7      | 5665 ||| Stepping ~*~*~tactically~*~*~ (outnumbered).
  5672 | D:7      | 5672 ||| Stepping ~*~*~tactically~*~*~ (outnumbered).
  5833 | D:7      | Reached skill level 11 in Ranged Weapons
  5919 | D:7      | Found an iron altar of Okawaru.
  5920 | D:7      | 5920 ||| PLANNING OKAWARU WORSHIP
  5920 | D:7      | 5920 ||| UPGRADING to +1 pair of boots.
  5930 | D:7      | 5930 ||| DROPPING +0 pair of boots.
  5931 | D:7      | 5931 ||| UPGRADING to amulet of regeneration.
  5943 | D:7      | Became a worshipper of Warmaster Okawaru
  5944 | D:7      | 5944 ||| PLANNING D:1-11
  6049 | D:7      | 6049 ||| READING scroll labelled ZAIGOECE ROAC.
  6152 | D:8      | Identified the +2 robe of Piyggomn {Drain rPois Int+3}
  6190 | D:8      | Found a hide-covered altar of Uskayaw.
  6191 | D:8      | 6191 ||| RETREATING.
  6214 | D:8      | Reached skill level 3 in Dodging
  6468 | D:8      | Reached * piety under Okawaru
  6498 | D:8      | 6498 ||| INVOKING Heroism.
  6555 | D:8      | Reached XP level 10. HP: 64/64 MP: 10/10
  6593 | D:8      | Found a stormy altar of Qazlal.
  6608 | D:8      | Reached skill level 1 in Invocations
  6687 | D:8      | Noticed Psyche
  6688 | D:8      | 6688 ||| INVOKING Heroism.
  6692 | D:8      | Killed Psyche
  6786 | D:8      | 6786 ||| UPGRADING to +2 robe of Piyggomn {Drain rPois
                  | Int+3}.
  6796 | D:8      | 6796 ||| DROPPING +0 ring mail.
  6797 | D:8      | 6797 ||| READING scroll labelled GYRHUBLENI.
  6798 | D:8      | 6798 ||| READING scroll labelled XYUCECR GURCHA.
  6990 | D:9      | 6990 ||| INVOKING Heroism.
  7000 | D:9      | Reached skill level 3 in Invocations
  7131 | D:9      | Noticed a kobold demonologist
  7131 | D:9      | Noticed a kobold demonologist
  7131 | D:9      | Noticed a kobold demonologist
  7132 | D:9      | 7132 ||| RETREATING.
  7134 | D:9      | 7134 ||| Stepping ~*~*~tactically~*~*~ (outnumbered).
  7136 | D:9      | 7136 ||| RETREATING.
  7139 | D:9      | 7139 ||| Stepping ~*~*~tactically~*~*~ (outnumbered).
  7140 | D:9      | 7140 ||| INVOKING Heroism.
  7144 | D:9      | Killed a kobold demonologist
  7145 | D:9      | 7145 ||| RETREATING.
  7154 | D:9      | Noticed an orange demon
  7154 | D:9      | Killed a kobold demonologist
  7163 | D:9      | Killed a kobold demonologist
  7163 | D:9      | Reached ** piety under Okawaru
  7164 | D:9      | Reached skill level 12 in Ranged Weapons
  7171 | D:9      | 7171 ||| INVOKING Heroism.
  7207 | D:9      | 7207 ||| RETREATING.
  7211 | D:9      | 7211 ||| Stepping ~*~*~tactically~*~*~ (retreating).
  7328 | D:9      | 7328 ||| RETREATING.
  7354 | D:9      | 7354 ||| INVOKING Heroism.
  7360 | D:9      | Reached skill level 13 in Ranged Weapons
  7393 | D:9      | Found a staircase to the Lair.
  7400 | D:9      | 7400 ||| READING scroll of brand weapon.
  7400 | D:9      | 7400 ||| BRANDING +1 orcbow.
  7429 | D:9      | Noticed a two-headed ogre
  7430 | D:9      | 7430 ||| INVOKING Heroism.
  7437 | D:9      | Killed a two-headed ogre
  7438 | D:9      | Reached skill level 9 in Fighting
  7438 | D:9      | Reached XP level 11. HP: 61/71 MP: 11/14
  7472 | D:9      | 7472 ||| INVOKING Heroism.
  7610 | D:9      | 7610 ||| READING scroll of enchant armour.
  7610 | D:9      | 7610 ||| ENCHANTING +1 pair of gloves.
  7712 | D:9      | 7712 ||| RETREATING.
  7833 | D:9      | 7833 ||| PLANNING LAIR
  7833 | D:9      | 7833 ||| DROPPING +1 hat of intelligence.
  7885 | Lair:1   | Entered Level 1 of the Lair of Beasts
  7895 | Lair:1   | 7895 ||| STAIRDANCE
  7901 | Lair:1   | 7901 ||| STAIRDANCE
  7903 | D:9      | 7903 ||| Stepping ~*~*~tactically~*~*~ (retreating).
  7904 | D:9      | 7904 ||| Stepping ~*~*~tactically~*~*~ (retreating).
  7905 | D:9      | 7905 ||| Stepping ~*~*~tactically~*~*~ (retreating).
  7906 | D:9      | 7906 ||| Stepping ~*~*~tactically~*~*~ (retreating).
  7907 | D:9      | 7907 ||| Stepping ~*~*~tactically~*~*~ (retreating).
  7908 | D:9      | 7908 ||| Stepping ~*~*~tactically~*~*~ (retreating).
  7909 | D:9      | 7909 ||| Stepping ~*~*~tactically~*~*~ (retreating).
  7910 | D:9      | 7910 ||| Stepping ~*~*~tactically~*~*~ (retreating).
  7919 | D:9      | Reached *** piety under Okawaru
  7980 | Lair:1   | 7980 ||| RETREATING.
  7995 | Lair:1   | Reached skill level 14 in Ranged Weapons
  8197 | Lair:1   | 8197 ||| INVOKING Heroism.
  8211 | Lair:1   | Reached **** piety under Okawaru
  8257 | Lair:1   | 8257 ||| Stepping ~*~*~tactically~*~*~ (retreating).
  8262 | Lair:1   | 8262 ||| Stepping ~*~*~tactically~*~*~ (retreating).
  8263 | Lair:1   | 8263 ||| Stepping ~*~*~tactically~*~*~ (retreating).
  8419 | Lair:1   | 8419 ||| INVOKING Heroism.
  8454 | Lair:1   | 8454 ||| READING 3 scrolls of brand weapon.
  8454 | Lair:1   | 8454 ||| BRANDING +1 orcbow of draining.
  8455 | Lair:1   | 8455 ||| READING 2 scrolls of brand weapon.
  8455 | Lair:1   | 8455 ||| BRANDING +1 orcbow of freezing.
  8661 | Lair:1   | 8661 ||| INVOKING Heroism.
  8828 | Lair:1   | 8828 ||| READING scroll labelled QOALOGH TUSIOT.
  8829 | Lair:1   | 8829 ||| READING 2 scrolls of identify.
  8829 | Lair:1   | 8829 ||| IDENTIFYING ruby potion
  8830 | Lair:1   | 8830 ||| DROPPING potion of brilliance.
  8866 | Lair:2   | Found a hole to the Spider Nest.
  8913 | Lair:2   | 8913 ||| READING scroll of enchant weapon.
  8913 | Lair:2   | 8913 ||| ENCHANTING +1 heavy orcbow.
  9013 | Lair:2   | 9013 ||| INVOKING Heroism.
  9041 | Lair:2   | 9041 ||| RETREATING.
  9047 | Lair:2   | 9047 ||| RETREATING.
  9049 | Lair:2   | 9049 ||| Stepping ~*~*~tactically~*~*~ (retreating).
  9064 | Lair:2   | Reached skill level 6 in Invocations
  9175 | Lair:2   | Identified the +6 whip of Wyrd {heavy, Str+3}
  9304 | Lair:2   | Noticed qw's ghost (journeyman GrHu)
  9307 | Lair:2   | Found a runed translucent door.
  9322 | Lair:2   | 9322 ||| INVOKING Heroism.
  9329 | Lair:2   | Reached XP level 12. HP: 77/77 MP: 14/16
  9408 | Lair:2   | Found a staircase to the Shoals.
  9547 | Lair:2   | 9547 ||| DRINKING 2 emerald potions.
  9548 | Lair:2   | 9548 ||| DROPPING potion of attraction.
  9629 | Lair:3   | Noticed a boulder beetle
  9630 | Lair:3   | 9630 ||| INVOKING Heroism.
  9643 | Lair:3   | Killed a boulder beetle
  9689 | Lair:3   | Identified the +0 chain mail of the Distant Future {rF+}
  9852 | Lair:3   | 9852 ||| RETREATING.
  9853 | Lair:3   | Reached ***** piety under Okawaru
  9860 | Lair:3   | 9860 ||| Stepping ~*~*~tactically~*~*~ (retreating).
  9861 | Lair:3   | 9861 ||| Stepping ~*~*~tactically~*~*~ (retreating).
  9865 | Lair:3   | 9865 ||| Stepping ~*~*~tactically~*~*~ (retreating).
  9867 | Lair:3   | 9867 ||| FLEEEEING.
  9868 | Lair:3   | 9868 ||| FLEEEEING.
 10137 | Lair:3   | Noticed a skyshark
 10145 | Lair:3   | Killed a skyshark
 10240 | Lair:3   | 10240 ||| READING scroll labelled HORAIPN MIUJITUMA.
 10254 | Lair:3   | 10254 ||| DRINKING 2 sedimented pink potions.
 10254 | Lair:3   | Gained mutation: Armour fits poorly on your strangely
                  | shaped body. [potion of mutation]
 10254 | Lair:3   | Gained mutation: You are partially covered in iridescent
                  | scales. (AC +2) [potion of mutation]
 10255 | Lair:3   | 10255 ||| READING 2 scrolls of identify.
 10255 | Lair:3   | 10255 ||| IDENTIFYING golden potion
 10256 | Lair:3   | 10256 ||| DROPPING potion of ambrosia.
 10311 | Lair:4   | 10311 ||| INVOKING Heroism.
 10315 | Lair:4   | Reached skill level 15 in Ranged Weapons
 10461 | Lair:4   | Identified the +6 chain mail of qw's Defiance {rElec rF-
                  | rC+ Dex+7} (Okawaru gifted it to you on level 4 of the Lair
                  | of Beasts)
 10461 | Lair:4   | Received a gift from Okawaru
 10562 | Lair:4   | Found a runed translucent gate.
 10563 | Lair:4   | Found a runed translucent gate.
 10564 | Lair:4   | Found a runed translucent gate.
 10565 | Lair:4   | Noticed qw's ghost (journeyman GrHs)
 10565 | Lair:4   | Noticed qw's ghost (journeyman GrHs)
 10729 | Lair:4   | Noticed a skyshark
 10743 | Lair:4   | Killed a skyshark
 11043 | Lair:5   | Entered Level 5 of the Lair of Beasts
 11043 | Lair:5   | Noticed a skyshark
 11044 | Lair:5   | 11044 ||| RETREATING.
 11046 | Lair:5   | 11046 ||| Stepping ~*~*~tactically~*~*~ (retreating).
 11047 | Lair:5   | 11047 ||| Stepping ~*~*~tactically~*~*~ (retreating).
 11048 | Lair:5   | 11048 ||| Stepping ~*~*~tactically~*~*~ (retreating).
 11049 | Lair:5   | 11049 ||| Stepping ~*~*~tactically~*~*~ (retreating).
 11050 | Lair:5   | 11050 ||| INVOKING Heroism.
 11053 | Lair:5   | Reached skill level 9 in Invocations
 11057 | Lair:5   | HP: 17/77 [cane toad (12)]
 11058 | Lair:5   | 11058 ||| READING 3 scrolls of teleportation.
 11059 | Lair:5   | 11059 ||| DRINKING 2 potions of heal wounds.
 11061 | Lair:5   | Found a staircase to the Slime Pits.
 11061 | Lair:5   | Noticed a death yak
 11061 | Lair:5   | Noticed a death yak
 11061 | Lair:5   | Noticed a death yak
 11061 | Lair:5   | Noticed a death yak
 11061 | Lair:5   | Noticed a death yak
 11062 | Lair:5   | 11062 ||| Stepping ~*~*~tactically~*~*~ (retreating).
 11063 | Lair:5   | 11063 ||| Stepping ~*~*~tactically~*~*~ (retreating).
 11064 | Lair:5   | 11064 ||| Stepping ~*~*~tactically~*~*~ (retreating).
 11065 | Lair:5   | 11065 ||| INVOKING Finesse.
 11066 | Lair:5   | 11066 ||| INVOKING Finesse.
 11066 | Lair:5   | Noticed a death yak
 11068 | Lair:5   | HP: 11/77 [death yak (17)]
 11069 | Lair:5   | 11069 ||| READING 2 scrolls of teleportation.
 11069 | Lair:5   | Slain by a death yak

Levels and vault maps discovered:
D:1:      elethiomel_arrival_shortcut, layout_basic,
          shapermc_ecumenical_altar_gd, serial_shops, nicolae_shop_behind_doors
D:2:      layout_rooms, basic_altar, uniq_natasha
D:3:      layout_basic, tgw_trog, nemelex_xobeh_ov_fountains_minmay,
          minmay_door_square, minivault_23, nicolae_the_louvre,
          uniq_crazy_yiuf_cottage
D:4:      layout_basic, mainiacjoe_overflow_paths, cheibriados_altar_1,
          uniq_menkaure
D:5:      layout_cave_pools, minmay_temple_entry_junction,
          grunt_decor_resistance
D:6:      layout_basic, mainiacjoe_overflow_small_starburst,
          general_overflow_altar, grunt_ministairs_15, serial_park_tiny_1,
          uniq_blork_the_orc
D:7:      layout_loops_cross, kennysheep_okawaru_gauntlet,
          minmay_a_box_with_orc_wizards_in_it
D:8:      layout_loops_ring, nicolae_qazlal_beasts_of_the_sky,
          mainiacjoe_overflow_24_doors, uniq_psyche
D:9:      layout_roguey, erik_lair_orcish_takeover
Temple:   nicolae_temple_bog_church
Lair:1:   layout_regular_city, chequers_serial_rivers_small_a,
          chequers_serial_rivers_large_b, serial_bayou_pond_a
Lair:2:   layout_hall_layers, minmay_shoals_entry_lonely_mermaid,
          spider_nest_entry_web_field, hellmonk_ghost_happy_afterlife,
          infiniplex_staircase_pool
Lair:3:   layout_chaotic_city
Lair:4:   layout_gridlike, gammafunk_ghost_cemetery
Lair:5:   hangedman_lair_caniforms_friends, layout_small_grid, wormcave,
          slime_entry_1, grunt_megastairs_2, lemuel_fruit_tree

Skill      XL: |  1  2  3  4  5  6  7  8  9 10 11 12 |
---------------+-------------------------------------+-----
Ranged Weapons | 5 6 8 10 11 13 14 15 | 15.4
Fighting       | 3 4 5 6 8 9 10 | 10.1
Armour         | 2 3 4 |  4.1
Dodging        | 2 3 4 5 |  5.1
Invocations    | 4 6 9 |  9.2
Stealth        | |  1.1

Action                     |  1- 3 |  4- 6 |  7- 9 | 10-12 || total
---------------------------+-------+-------+-------+-------++-------
   Fire: Shortbow          |    67 |   125 |   345 |       ||   537
         Orcbow            |       |       |   175 |   568 ||   743
 Invoke: Heroism           |       |       |     1 |    15 ||    16
         Finesse           |       |       |       |     1 ||     1
    Use: Scroll            |     3 |     7 |     8 |    13 ||    31
         Potion            |       |     1 |     3 |     3 ||     7
 Armour: Leather armour    |    18 |    16 |       |       ||    34
         Ring mail         |       |    38 |   342 |     9 ||   389
         Robe              |       |       |       |   223 ||   223
  Dodge: Dodged            |    30 |    28 |   198 |   218 ||   474

Table legend:
 A = Non-vault XP
 B = Vault XP
 C = Vault XP percentage of total XP
 D = Non-vault monster count
 E = Vault monster count
 F = Vault count percentage of total count
                 A         B        C        D         E       F
            +---------+---------+-------+---------+---------+-------
      Total |   24920 |    2948 |  10.6 |     260 |      27 |   9.4
            +---------+---------+-------+---------+---------+-------
        D:1 |      61 |       0 |   0.0 |      18 |       0 |   0.0
        D:2 |     105 |      36 |  25.5 |      19 |       1 |   5.0
        D:3 |      39 |       0 |   0.0 |      15 |       0 |   0.0
        D:4 |     728 |     157 |  17.7 |      33 |       1 |   2.9
        D:5 |     677 |       0 |   0.0 |      20 |       0 |   0.0
        D:6 |     774 |     144 |  15.7 |      18 |       3 |  14.3
        D:7 |     595 |     178 |  23.0 |      22 |       7 |  24.1
        D:8 |    1332 |     537 |  28.7 |      15 |       2 |  11.8
        D:9 |    5761 |     657 |  10.2 |      36 |      10 |  21.7
     Lair:1 |    4411 |       0 |   0.0 |      22 |       0 |   0.0
     Lair:2 |    2475 |     490 |  16.5 |      12 |       1 |   7.7
     Lair:3 |    3799 |       0 |   0.0 |      14 |       0 |   0.0
     Lair:4 |    3687 |       0 |   0.0 |      15 |       0 |   0.0
     Lair:5 |     476 |     749 |  61.1 |       1 |       2 |  66.7
            +---------+---------+-------+---------+---------+-------
